3AAA
PURE MICHIGAN GREAT LAKERS @ PENNSAUKEN FLYERS
08/01/2031
 
TOP OF THE 1ST
Pure Michigan Great Lakers batting - Pitching for Pennsauken Flyers : RHP Drake Riley
Pitching: RHP Drake Riley
Batting: LHB Javier Reyes 0-0: Ball
1-0: Foul Ball, location: 2F
1-1: Foul Ball, location: 2F
1-2: Ball
2-2: Ball
3-2: Ground out 1-3 (Groundball, 15)
Batting: LHB César Muñóz 0-0: Ball
1-0: Foul Ball, location: 2F
1-1: Fly out, F4 (Line Drive, 4)
Batting: LHB Gilberto Moreno 0-0: Foul Ball, location: 2F
0-1: Ball
1-1: Foul Ball, location: 2F
1-2: SINGLE (Line Drive, 34)
Batting: RHB Ramiro Gonzáles 0-0: Ball
1-0: Fly out, F8 (Line Drive, 8LM)
Top of the 1st over - 0 runs, 1 hit, 0 errors, 1 left on base; Pure Michigan 0 - Pennsauken 0
BOTTOM OF THE 1ST
Pennsauken Flyers batting - Pitching for Pure Michigan Great Lakers : RHP Luis Bustamante
Pitching: RHP Luis Bustamante
Batting: LHB Jorge Ortíz 0-0: Called Strike
0-1: Foul Ball, location: 2F
0-2: Ball
1-2: Reached on error, E5 (Groundball, 56)
Batting: RHB Enrique Ibarra 0-0: SINGLE (Groundball, 6MD)
Jorge Ortíz to third
Runner from 3rd tries for Home, SAFE, no throw
Batting: RHB José Rodríguez 0-0: Called Strike
Enrique Ibarra steals 2nd base
0-1: Ball
1-1: Called Strike
Enrique Ibarra steals 3rd base
1-2: TRIPLE (Flyball, 9LD)
Enrique Ibarra scores
Batting: RHB Bartolo Rosas 0-0: Ball
1-0: Foul Ball, location: 2F
1-1: Foul Ball, location: 2F
1-2: Ball
2-2: Fly out, F6 (Line Drive, 6)
Batting: RHB Tomás Gonzáles 0-0: Ball
1-0: Fly out, F9 (Line Drive, 89S)
Runner from 3rd tags up, SCORES, no throw
Batting: RHB Raúl Francisco 0-0: Ball
1-0: Foul Ball, location: 2F
1-1: Foul Ball, location: 2F
1-2: Foul Ball, location: 2F
1-2: Ball
2-2: Foul Ball, location: 2F
2-2: Strikes out looking
Bottom of the 1st over - 3 runs, 2 hits, 1 error, 0 left on base; Pure Michigan 0 - Pennsauken 3
TOP OF THE 2ND
Pure Michigan Great Lakers batting - Pitching for Pennsauken Flyers : RHP Drake Riley
Batting: SHB Tony Gutiérrez 0-0: Ball
1-0: Swinging Strike
1-1: Fly out, F9 (Flyball, 9LM)
Batting: RHB Lorenzo Ruíz 0-0: Swinging Strike
0-1: Called Strike
0-2: Fly out, F7 (Flyball, 78M)
Batting: LHB Yin-reng Hsueh 0-0: Called Strike
0-1: Ball
1-1: Foul Ball, location: 2F
1-2: DOUBLE (Line Drive, 9LM)
Batting: RHB Hamilton Swan Pickoff Throw to Second - Error! E1
Yin-reng Hsueh to third
0-0: SINGLE (Groundball, 6MS) (infield hit)
Yin-reng Hsueh scores
Batting: RHB Turner Buccigross 0-0: Ball
1-0: Ground out 4-3 (Groundball, 4D)
Top of the 2nd over - 1 run, 2 hits, 1 error, 1 left on base; Pure Michigan 1 - Pennsauken 3
BOTTOM OF THE 2ND
Pennsauken Flyers batting - Pitching for Pure Michigan Great Lakers : RHP Luis Bustamante
Batting: RHB Raúl Javier Jr. 0-0: Ball
1-0: Foul Ball, location: 2F
1-1: Foul Ball, location: 2F
1-2: Ground out 6-3 (Groundball, 6)
Batting: RHB Enoch Reinhardt 0-0: Called Strike
0-1: Ball
1-1: Called Strike
1-2: Ball
2-2: Foul Ball, location: 2F
2-2: Fly out, F8 (Flyball, 8LM)
Batting: LHB Manuel Márquez 0-0: Ground out 4-3 (Groundball, 34)
Bottom of the 2nd over - 0 runs, 0 hits, 0 errors, 0 left on base; Pure Michigan 1 - Pennsauken 3
TOP OF THE 3RD
Pure Michigan Great Lakers batting - Pitching for Pennsauken Flyers : RHP Drake Riley
Batting: LHB Javier Reyes 0-0: Ground out 6-3 (Groundball, 6)
Batting: LHB César Muñóz 0-0: Ball
1-0: Fly out, F8 (Flyball, 8RM)
Batting: LHB Gilberto Moreno 0-0: Ball
1-0: Ball
2-0: Foul Ball, location: 2F
2-1: Ball
3-1: Foul Ball, location: 2F
3-2: Ground out 4-3 (Groundball, 4M)
Top of the 3rd over - 0 runs, 0 hits, 0 errors, 0 left on base; Pure Michigan 1 - Pennsauken 3
BOTTOM OF THE 3RD
Pennsauken Flyers batting - Pitching for Pure Michigan Great Lakers : RHP Luis Bustamante
Batting: LHB Jorge Ortíz 0-0: Swinging Strike
0-1: Foul Ball, location: 2F
0-2: Ground out 6-3 (Groundball, 6M)
Batting: RHB Enrique Ibarra 0-0: Ball
1-0: Ball
2-0: Foul Ball, location: 2F
2-1: Fly out, F9 (Line Drive, 9D)
Batting: RHB José Rodríguez 0-0: Called Strike
0-1: Ball
1-1: Ball
2-1: Ball
3-1: SINGLE (Flyball, 89S)
Batting: RHB Bartolo Rosas 0-0: Foul Ball, location: 2F
0-1: Foul Ball, location: 2F
0-2: Ball
José Rodríguez steals 2nd base
1-2: Foul Ball, location: 2F
1-2: Foul Ball, location: 2F
1-2: Ball
2-2: Ball
3-2: Ground out 5-3 (Groundball, 56S)
Bottom of the 3rd over - 0 runs, 1 hit, 0 errors, 1 left on base; Pure Michigan 1 - Pennsauken 3
TOP OF THE 4TH
Pure Michigan Great Lakers batting - Pitching for Pennsauken Flyers : RHP Drake Riley
Batting: RHB Ramiro Gonzáles 0-0: Ball
1-0: Foul Ball, location: 2F
1-1: Ball
2-1: DOUBLE (Line Drive, 5D)
Batting: SHB Tony Gutiérrez 0-0: Called Strike
0-1: Ball
1-1: Swinging Strike
1-2: Ball
2-2: Ground out 6-3 (Groundball, 6M)
Ramiro Gonzáles to third
Batting: RHB Lorenzo Ruíz 0-0: Called Strike
0-1: Fly out, F8 (Flyball, 8RS)
Runner from 3rd tags up, SCORES, no throw
Batting: LHB Yin-reng Hsueh 0-0: Ball
1-0: Fly out, F7 (Flyball, 7S)
Top of the 4th over - 1 run, 1 hit, 0 errors, 0 left on base; Pure Michigan 2 - Pennsauken 3
BOTTOM OF THE 4TH
Pennsauken Flyers batting - Pitching for Pure Michigan Great Lakers : RHP Luis Bustamante
Batting: RHB Tomás Gonzáles 0-0: Called Strike
0-1: Called Strike
0-2: Ball
1-2: Ball
2-2: Ball
3-2: Foul Ball, location: 2F
3-2: Base on Balls
Batting: RHB Raúl Francisco 0-0: Called Strike
0-1: SINGLE (Groundball, 4MD)
Tomás Gonzáles to second
Runner from 2nd tries for 3rd, SAFE, no throw
Batting: RHB Raúl Javier Jr. 0-0: Called Strike
0-1: Swinging Strike
0-2: Ball
1-2: Ball
2-2: Ball
3-2: Base on Balls
Raúl Francisco to second
Batting: RHB Enoch Reinhardt 0-0: Foul Ball, location: 2F
0-1: Ball
1-1: Swinging Strike
1-2: Ball
2-2: Foul Ball, location: 2F
2-2: Ball
3-2: SINGLE (Line Drive, 6D)
Tomás Gonzáles scores
Raúl Francisco to third
Raúl Javier Jr. to second
Runner from 3rd tries for Home, throw and OUT!
Batting: LHB Manuel Márquez 0-0: Swinging Strike
0-1: SINGLE (Groundball, 6MD)
Raúl Javier Jr. to third
Enoch Reinhardt to second
Runner from 3rd tries for Home, SAFE, throw made at trailing runner, OUT at third!
Batting: LHB Jorge Ortíz 0-0: Ball
1-0: Ball
2-0: Foul Ball, location: 2F
2-1: Swinging Strike
2-2: Strikes out swinging
Bottom of the 4th over - 2 runs, 3 hits, 0 errors, 1 left on base; Pure Michigan 2 - Pennsauken 5
TOP OF THE 5TH
Pure Michigan Great Lakers batting - Pitching for Pennsauken Flyers : RHP Drake Riley
Batting: RHB Hamilton Swan 0-0: Ball
1-0: Foul Ball, location: 2F
1-1: Ball
2-1: SINGLE (Line Drive, 6MD)
Batting: RHB Turner Buccigross 0-0: Ball
1-0: Bunted foul
1-1: Bunt missed!
1-2: SINGLE (Groundball, 56D)
Hamilton Swan to second
Batting: LHB Javier Reyes 0-0: Called Strike
0-1: Ball
1-1: Foul Ball, location: 2F
1-2: Ball
2-2: Foul Ball, location: 2F
2-2: Ball
3-2: SINGLE (Line Drive, 34D)
Hamilton Swan to third
Turner Buccigross to second
Runner from 3rd tries for Home, SAFE, no throw
Batting: LHB César Muñóz 0-0: Ball
1-0: Sac Bunt - play at first, batter OUT! 2-4
Turner Buccigross to third
Javier Reyes to second
Batting: LHB Gilberto Moreno 0-0: Fly out, F8 (Flyball, 8RD)
Runner from 3rd tags up, SCORES, throw made
Batting: RHB Ramiro Gonzáles 0-0: Ball
Wild Pitch!
Javier Reyes to third
1-0: Swinging Strike
1-1: Foul Ball, location: 2F
1-2: Fly out, F7 (Flyball, 7S)
Top of the 5th over - 2 runs, 3 hits, 0 errors, 1 left on base; Pure Michigan 4 - Pennsauken 5
BOTTOM OF THE 5TH
Pennsauken Flyers batting - Pitching for Pure Michigan Great Lakers : RHP Luis Bustamante
Batting: RHB Enrique Ibarra 0-0: Called Strike
0-1: Ball
1-1: SINGLE (Groundball, 25) (infield hit)
Batting: RHB José Rodríguez 0-0: Ball
Enrique Ibarra steals 2nd base
1-0: Called Strike
1-1: Ground out 6-3 (Groundball, 6)
Enrique Ibarra to third
Batting: RHB Bartolo Rosas 0-0: Intentional Walk
Batting: RHB Tomás Gonzáles 0-0: Ball
Bartolo Rosas steals 2nd base
1-0: Intentional Walk
Batting: RHB Raúl Francisco 0-0: Ball
1-0: Called Strike
1-1: Ball
2-1: Fly out, F7 (Flyball, 7LMF)
Runner from 3rd tags up, SCORES, no throw
Batting: RHB Raúl Javier Jr. 0-0: Foul Ball, location: 2F
0-1: Ball
1-1: Ball
2-1: Fielders Choice at 2nd, 6-4 (Groundball, 56)
Bottom of the 5th over - 1 run, 1 hit, 0 errors, 2 left on base; Pure Michigan 4 - Pennsauken 6
TOP OF THE 6TH
Pure Michigan Great Lakers batting - Pitching for Pennsauken Flyers : RHP Drake Riley
Batting: SHB Tony Gutiérrez 0-0: Called Strike
0-1: Swinging Strike
0-2: Ball
1-2: Ball
2-2: Foul Ball, location: 2F
2-2: Strikes out looking
Batting: RHB Lorenzo Ruíz 0-0: Called Strike
0-1: Ball
1-1: Ball
2-1: Ball
3-1: Called Strike
3-2: Base on Balls
Pinch Runner at 1st Pedro García:
Batting: LHB Yin-reng Hsueh 0-0: Ball
1-0: Foul Ball, location: 2F
1-1: Ball
2-1: Ball
3-1: Foul Ball, location: 2F
3-2: Base on Balls
Pedro García to second
Batting: RHB Hamilton Swan 0-0: Foul Ball, location: 2F
0-1: Swinging Strike
0-2: Ball
1-2: Foul Ball, location: 2F
1-2: Ball
2-2: SINGLE (Line Drive, 34S)
Pedro García to third
Yin-reng Hsueh to second
Runner from 3rd tries for Home, SAFE, no throw
Batting: RHB Turner Buccigross 0-0: Ball
1-0: Ball
2-0: SINGLE (Flyball, 78S)
Yin-reng Hsueh to third
Hamilton Swan to second
Runner from 3rd tries for Home, SAFE, no throw
Pitching: RHP Manny Hernández
Pinch Runner at 2nd Jen-djieh Cheung:
Batting: LHB Javier Reyes 0-0: Foul Ball, location: 2F
0-1: Foul Ball, location: 2F
0-2: Ball
1-2: Ball
2-2: Ball
3-2: Base on Balls
Jen-djieh Cheung to third
Turner Buccigross to second
Batting: LHB César Muñóz 0-0: DOUBLE (Line Drive, 9LM)
Jen-djieh Cheung scores
Turner Buccigross scores
Javier Reyes to third
Runner from 3rd tries for Home, SAFE, no throw
Batting: LHB Gilberto Moreno 0-0: Intentional Walk
Batting: RHB Ramiro Gonzáles 0-0: Ball
1-0: DOUBLE (Line Drive, 7D)
César Muñóz scores
Gilberto Moreno to third
Batting: SHB Tony Gutiérrez 0-0: Intentional Walk
Pitching: RHP Claudio Díaz
Batting: LHB Pedro García 0-0: Ball
1-0: Called Strike
1-1: Foul Ball, location: 2F
1-2: Ball
2-2: Strikes out swinging
Batting: LHB Yin-reng Hsueh 0-0: Ball
1-0: Ball
2-0: Foul Ball, location: 2F
2-1: Ball
3-1: Fly out, F8 (Flyball, 89D)
Top of the 6th over - 6 runs, 4 hits, 0 errors, 3 left on base; Pure Michigan 10 - Pennsauken 6
BOTTOM OF THE 6TH
Pennsauken Flyers batting - Pitching for Pure Michigan Great Lakers : RHP Luis Bustamante
Pitching: LHP Juan Soto
Now at 2B: Jen-djieh Cheung
Batting: RHB Enoch Reinhardt 0-0: Ball
1-0: Foul Ball, location: 2F
1-1: Ball
2-1: Ball
3-1: Base on Balls
Batting: LHB Manuel Márquez 0-0: Called Strike
0-1: Ball
1-1: Ball
2-1: Called Strike
2-2: Foul Ball, location: 2F
2-2: Foul Ball, location: 2F
2-2: SINGLE (Line Drive, 78S)
Enoch Reinhardt to second
Runner from 2nd tries for 3rd, SAFE, no throw
Batting: LHB Jorge Ortíz 0-0: Ball
1-0: Ball
2-0: Swinging Strike
2-1: Fly out, F4 (Line Drive, 4)
Batting: RHB Enrique Ibarra 0-0: Ball
1-0: Ball
2-0: Called Strike
2-1: Swinging Strike
2-2: Foul Ball, location: 2F
2-2: Foul Ball, location: 2F
2-2: Strikes out swinging
Batting: RHB José Rodríguez 0-0: Ball
1-0: Called Strike
1-1: Called Strike
1-2: Foul Ball, location: 2F
1-2: Strikes out swinging
Bottom of the 6th over - 0 runs, 1 hit, 0 errors, 2 left on base; Pure Michigan 10 - Pennsauken 6
TOP OF THE 7TH
Pure Michigan Great Lakers batting - Pitching for Pennsauken Flyers : RHP Claudio Díaz
Batting: RHB Jen-djieh Cheung 0-0: SINGLE (Groundball, 4MD)
Batting: RHB Turner Buccigross 0-0: Ball
1-0: Ball
2-0: Bunted foul
2-1: Bunted foul
2-2: Fly out, F5 (Flyball, 56D)
Batting: LHB Javier Reyes 0-0: Fly out, F9 (Flyball, 89D)
Batting: LHB César Muñóz 0-0: Ball
1-0: Ground out U3 (Groundball, 3)
Top of the 7th over - 0 runs, 1 hit, 0 errors, 1 left on base; Pure Michigan 10 - Pennsauken 6
BOTTOM OF THE 7TH
Pennsauken Flyers batting - Pitching for Pure Michigan Great Lakers : LHP Juan Soto
Batting: RHB Bartolo Rosas 0-0: Called Strike
0-1: Ball
1-1: Ball
2-1: Ball
3-1: Swinging Strike
3-2: Foul Ball, location: 2F
3-2: Ground out 5-3 (Groundball, 56S)
Batting: RHB Tomás Gonzáles 0-0: Called Strike
0-1: Foul Ball, location: 2F
0-2: Ball
1-2: Ground out 4-3 (Groundball, 4)
Batting: RHB Raúl Francisco 0-0: Ball
1-0: Called Strike
1-1: SINGLE (Line Drive, 5L)
Batting: RHB Raúl Javier Jr. 0-0: Ball
1-0: Ground out 4-3 (Groundball, 34)
Bottom of the 7th over - 0 runs, 1 hit, 0 errors, 1 left on base; Pure Michigan 10 - Pennsauken 6
TOP OF THE 8TH
Pure Michigan Great Lakers batting - Pitching for Pennsauken Flyers : RHP Claudio Díaz
Batting: LHB Gilberto Moreno 0-0: Ball
1-0: Foul Ball, location: 2F
1-1: Ball
2-1: Called Strike
2-2: Ball
3-2: Fly out, F9 (Flyball, 9LS)
Batting: RHB Ramiro Gonzáles 0-0: Foul Ball, location: 2F
0-1: Foul Ball, location: 2F
0-2: Strikes out swinging
Batting: SHB Tony Gutiérrez 0-0: Called Strike
0-1: Fly out, F7 (Line Drive, 78M)
Top of the 8th over - 0 runs, 0 hits, 0 errors, 0 left on base; Pure Michigan 10 - Pennsauken 6
BOTTOM OF THE 8TH
Pennsauken Flyers batting - Pitching for Pure Michigan Great Lakers : LHP Juan Soto
Batting: RHB Enoch Reinhardt 0-0: Ball
1-0: SINGLE (Groundball, 6D)
Batting: LHB Manuel Márquez 0-0: Ball
1-0: Ball
2-0: Ball
3-0: Base on Balls
Enoch Reinhardt to second
Batting: LHB Jorge Ortíz 0-0: Foul Ball, location: 2F
0-1: Ball
1-1: Foul Ball, location: 2F
1-2: Ground out 4-3 (Groundball, 34D)
Enoch Reinhardt to third
Manuel Márquez to second
Batting: RHB Enrique Ibarra 0-0: Foul Ball, location: 2F
0-1: SINGLE (Groundball, 56S) (infield hit)
Enoch Reinhardt scores
Manuel Márquez to third
Pitching: RHP Lyle Lanley
Batting: RHB José Rodríguez 0-0: Called Strike
0-1: Ball
1-1: Ball
2-1: Ball
3-1: Ground out 5-3 (Groundball, 56)
Enrique Ibarra to second
Batting: RHB Bartolo Rosas 0-0: Foul Ball, location: 2F
0-1: Foul Ball, location: 2F
0-2: Ground out 5-3 (Groundball, 5S)
Bottom of the 8th over - 1 run, 2 hits, 0 errors, 2 left on base; Pure Michigan 10 - Pennsauken 7
TOP OF THE 9TH
Pure Michigan Great Lakers batting - Pitching for Pennsauken Flyers : RHP Claudio Díaz
Batting: LHB Pedro García 0-0: Ground out 5-3 (Groundball, 56)
Batting: LHB Yin-reng Hsueh 0-0: Foul Ball, location: 2F
0-1: Ball
1-1: Foul Ball, location: 2F
1-2: Ball
2-2: SINGLE (Flyball, 7S)
Batting: RHB Jen-djieh Cheung 0-0: Fly out, F8 (Flyball, 8LM)
Batting: RHB Turner Buccigross 0-0: Ball
1-0: Ball
2-0: Foul Ball, location: 2F
2-1: Ball
3-1: Called Strike
3-2: Base on Balls
Yin-reng Hsueh to second
Batting: LHB Javier Reyes 0-0: Ball
1-0: Ball
2-0: Fly out, F8 (Flyball, 78D)
Top of the 9th over - 0 runs, 1 hit, 0 errors, 2 left on base; Pure Michigan 10 - Pennsauken 7
BOTTOM OF THE 9TH
Pennsauken Flyers batting - Pitching for Pure Michigan Great Lakers : RHP Lyle Lanley
Pitching: RHP Andrei-Luiz Frial
Now at 3B: Júlio Morín
Batting: RHB Tomás Gonzáles 0-0: Called Strike
0-1: Ball
1-1: Called Strike
1-2: Ball
2-2: Fly out, F8 (Line Drive, 8LM)
Batting: RHB Raúl Francisco 0-0: Ground out 5-3 (Groundball, 56S)
Batting: RHB Raúl Javier Jr. 0-0: Called Strike
0-1: Foul Ball, location: 2F
0-2: Foul Ball, location: 2F
0-2: Ball
1-2: Foul Ball, location: 2F
1-2: Ball
2-2: Strikes out looking
Bottom of the 9th over - 0 runs, 0 hits, 0 errors, 0 left on base; Pure Michigan 10 - Pennsauken 7
Tuesday, June 12th, 2018 - OOTP Baseball 18.8 Build 76